[Event "Reykjavik Open 2024"]
[Site "Reykjavik"]
[Date "2024.03.18"]
[Round "5.17"]
[White "Larkin, Vladyslav"]
[Black "Kistrup, Nicolai"]
[Result "1-0"]
[ECO "B90"]
[WhiteElo "2450"]
[BlackElo "2324"]
[Annotator "TA"]
[PlyCount "167"]
[EventDate "2024.03.12"]
[EventCountry "ISL"]
[SourceTitle "playchess.com"]
[Source "ChessBase"]
[SourceQuality "1"]
[TimeControl "40/5400+30:1800+30"]

1. e4 c5 2. Nf3 d6 3. d4 cxd4 4. Nxd4 Nf6 5. Nc3 a6 6. Be3 e5 7. Nb3 Be6 8. f3 h5 9. Nd5 Bxd5 10. exd5 Nbd7 11. Qd2 {[%emt 0:01:05] Weiß hat minimalen Vorteil.} g6 12. O-O-O Nb6 13. Kb1 Nbxd5 14. Bg5 Be7 $1 15. a3 {[%emt 0:00:14][%mdl 1024] Weiss hat Kompensation.} Qc7 16. g3 O-O-O 17. Qf2 Kb8 18. Rd3 Nd7 19. Bd2 N5b6 20. Ba5 Qc6 21. Rc3 {[%emt 0:19:17] Es drohte d5} Nc5 22. Nxc5 dxc5 23. Rb3 Rd1+ 24. Ka2 Nd7 {[%emt 0:00:21][%mdl 8192] [#]} (24... Nc8 $1 $11 {und Schwarz steht sicher.}) 25. Bb5 $1 axb5 $16 26. Rxd1 c4 27. Re3 Bc5 {[%emt 0:00:07] [#]} 28. Bb4 $1 {[%emt 0:00:23] Und Bxc5 würde nun gewinnen.} Bxe3 29. Qxe3 Ka8 {[%emt 0:01:42] Schwarz hat schwache schwarze Felder} 30. Rd6 $36 {[%emt 0:00:49][%mdl 2048] Schwarz muss aufpassen. Weiß hat aktiveres Spiel.} Qc8 (30... Qc7 $16 {ist eine bessere Verteidigung.} 31. Qd2 Nb8) 31. Qd2 Nb8 32. Qd5 Nc6 33. Qxb5 (33. Qxf7 Nxb4+ 34. axb4 c3 $16) 33... Nxb4+ 34. Qxb4 $18 {[%emt 0:00:48][%mdl 4096] Endspiel. KQR-KQR} Qf5 $2 (34... Kb8 $16 35. Qb5 Rd8 36. Qxe5 Rxd6 37. Qxd6+ Ka8) 35. Rd5 (35. Qxc4 Rc8 36. Qd5 Qxc2 $11) 35... Qe6 36. Qa5+ Kb8 37. Rxe5 Qf6 38. f4 Rc8 39. Rc5 Qe6 40. Rxc8+ Kxc8 {[%emt 0:00:03] KQ-KQ} 41. Qc5+ Kd7 42. c3 b6 (42... Qc6 $142 43. Qd4+ Ke7) 43. Qd4+ Kc6 (43... Ke7 {war nötig.} 44. a4 Qc6) 44. a4 Kb7 45. Ka3 Qe7+ {[%emt 0:00:05] [#]} 46. Ka2 (46. b4 $142 $1 cxb3+ 47. Kxb3) 46... Qe6 47. Qe5 Qc6 48. Ka3 Ka6 $2 (48... f6 49. Qd4 g5 50. fxg5 fxg5 51. Qg7+ Kc8 52. Qxg5 Qh1 53. Qxh5 Qa1+ 54. Kb4 Qxb2+ 55. Kxc4 Kc7 56. Qh7+ Kb8) 49. Kb4 Qg2 50. Qb5+ (50. Kxc4 Qxb2 51. Qe8 (51. Qb5+ Qxb5+ 52. axb5+ Ka5 $18) 51... Qa2+ 52. Kd4 Qd2+ 53. Kc4 Qa2+ 54. Kd3 Qb1+ 55. Kd2 Qb2+ 56. Kd3 Qb1+ 57. Ke2 Qc2+ 58. Kf1 Qd1+ 59. Kf2 Qd2+ (59... Qd5 60. c4 $11) 60. Kg1 Qd1+ 61. Kg2 (61. Kf2 Qc2+ 62. Qe2+ Qxe2+ 63. Kxe2 Ka5 $11) 61... Qc2+ 62. Kf1 Qd3+ 63. Qe2 Qxe2+ 64. Kxe2 Ka5 $11) 50... Kb7 51. Kxc4 {[%emt 0:00:00] Droht stark Qd5+.} Qxh2 52. Qd7+ Ka6 53. Qxf7 Qxb2 54. Qxg6 Qa2+ 55. Kd4 {[%emt 0:00:00] Zielt auf Qd3+ ab.} Qxa4+ $2 {[%emt 0:00:00] [#]} (55... Qf2+ 56. Kd3 h4) 56. Ke3 $1 Qa5 $2 (56... Qa1 57. Qd3+ (57. Qxh5 Qxc3+ 58. Kf2 b5 $14) 57... Ka7) 57. Qd3+ Ka7 58. Qd7+ Ka6 (58... Kb8 $142 59. Qd6+ Ka7) 59. Qc8+ Ka7 60. Qc7+ Ka6 61. Qe5 {[%emt 0:00:00] Weiss droht Qxa5+ und Matt.} Qa1 62. f5 (62. Qxh5 Qxc3+ 63. Ke4 Qc2+ 64. Ke3 Qc3+ 65. Kf2 b5 $16) 62... Qc1+ (62... h4 $142 63. gxh4 Qe1+ 64. Kd4 Qxh4+ 65. Kd5 Qd8+ 66. Kc4 Qh4+ 67. Qd4 (67. Kd5 Qd8+ 68. Ke4 Qh4+ 69. Qf4 Qf6 $16) 67... Qh1) 63. Ke4 h4 64. gxh4 {[%emt 0:00:00] Kd5 ist eine echte Drohung.} Qe1+ (64... Qh1+ $18 65. Kd3 Qxh4) 65. Kd5 Qxh4 66. f6 Qh1+ 67. Kd6 Qh7 68. Qe2+ b5 69. Qe6 Qh2+ 70. Ke7+ Ka5 71. f7 Qc7+ 72. Kf6 Qxc3+ 73. Kg6 Qg3+ 74. Kh7 Qh4+ 75. Kg7 Qg3+ 76. Qg6 Qc3+ 77. Kg8 Qc4 78. Qf5 {[%emt 0:08:45] Weiss will mit Qe5 Matt setzen.} Qb3 79. Kh7 {[%emt 0:00:15] Weiß setzt Matt.} Qa2 80. f8=Q ({Nicht} 80. f8=B Qh2+ 81. Kg6 Qg1+ 82. Kh7 Qh1+ 83. Kg8 Qg1+ 84. Kf7 Qa7+ 85. Be7 Qd4 $14) 80... Qh2+ 81. Qh6 Qc7+ 82. Kg8 Qg3+ 83. Qhg5 Qb8+ 84. Qf8 {[%emt 0:00:13] Gewichteter Fehlerwert: Weiß=0.26 (präzise) /Schwarz=0.37.  Verlustzug:     	---       	Schwarz=2     Gewinn verpasst:   	Weiß=1     	---        Fehler:       	Weiß=1     	Schwarz=8     Ungenau:       	Weiß=3     	Schwarz=1     OK:         	Weiß=26    	Schwarz=17    Bester:       	Weiß=6     	Schwarz=9     Stark:        	Weiß=2     	Schwarz=1} 1-0

[Event "Reykjavik Open 2024"]
[Site "Reykjavik"]
[Date "2024.03.18"]
[Round "5.18"]
[White "Mammadzada, Gunay"]
[Black "Manish Anto Cristiano F"]
[Result "1/2-1/2"]
[ECO "A28"]
[WhiteElo "2449"]
[BlackElo "2286"]
[Annotator "TA"]
[PlyCount "84"]
[EventDate "2024.03.12"]
[EventCountry "ISL"]
[SourceTitle "playchess.com"]
[Source "ChessBase"]
[SourceQuality "1"]
[TimeControl "40/5400+30:1800+30"]

1. c4 e5 2. Nc3 Nf6 3. Nf3 Nc6 4. e3 Bb4 5. Qc2 Bxc3 6. Qxc3 Qe7 7. d3 d5 8. Be2 O-O 9. O-O d4 10. exd4 exd4 11. Qb3 Nd7 (11... Qxe2 $2 {verliert.} 12. Re1 Na5 13. Qa3 (13. Rxe2 Nxb3 14. axb3 c5 $14) 13... Nxc4 (13... Qc2 $2 14. Nxd4 Nxc4 15. Qxf8+ Kxf8 16. Nxc2 $18) 14. Qxf8+ (14. Rxe2 $2 Nxa3 15. bxa3 c5 $19) 14... Kxf8 15. Rxe2 $18) 12. Re1 Nc5 13. Qa3 a5 14. Bf4 b6 15. Bf1 (15. b3 $15) 15... Qd8 $17 16. Bd2 {[%emt 0:04:23] Verhindert Nb4} Bb7 17. Ne5 (17. Ng5 $17 {war angesagt.}) 17... Ne7 18. h3 f6 19. Ng4 Ng6 20. Rad1 (20. b4 $17 axb4 21. Qb2) 20... Qd6 $19 21. b3 Nh4 {[%emt 0:10:56] Hervorragende Reitkunst.} 22. Nh2 f5 23. Bg5 Ng6 24. Bc1 f4 {[%emt 0:00:36] Droht ...f3 und aus.} 25. Qb2 Nh4 {[%emt 0:00:48] Und ...Qg6 würde nun gewinnen.} 26. Re4 (26. f3 $142) 26... Nxe4 27. dxe4 Bxe4 28. f3 Bc6 29. Rxd4 {[%emt 0:00:27] [#]} Qc5 30. Qf2 g5 31. Bd3 Nf5 $2 (31... Rae8 $19 {[%cal Oe8e1] ist viel giftiger. Weiss muss nun ...Re1+! beachten.} 32. Bb2 h5) 32. Bxf5 $17 Qxf5 33. Ng4 Qe6 {[%emt 0:01:08] Verhindert Nh6+. Und jetzt ...h5 wäre schön.} 34. Rd1 $1 h5 35. Re1 {[%emt 0:00:51] [#]} Qd6 36. Ne5 Rae8 37. Bb2 Rf5 (37... Bd7 $15) 38. Qc2 $1 $11 {[%emt 0:00:31] Die Stellung ist ausgeglichen.} Rexe5 39. Bxe5 Rxe5 40. Rxe5 Qxe5 41. Qg6+ Kf8 42. Qxc6 Qe1+ {[%emt 0:08:17] Weiß entkommt ins Remis.   Gewichteter Fehlerwert: Weiß=0.14 (sehr präzise) /Schwarz=0.18 (sehr präzise) .  Gewinn verpasst:   	---       	Schwarz=1     Fehler:       	Weiß=4     	Schwarz=1     Ungenau:       	Weiß=1     	Schwarz=1     OK:         	Weiß=14    	Schwarz=20    Bester:       	Weiß=4     	Schwarz=1     Stark:        	Weiß=2     	---} 1/2-1/2

[Event "Reykjavik Open 2024"]
[Site "Reykjavik"]
[Date "2024.03.18"]
[Round "5.19"]
[White "Large, Peter G"]
[Black "Chasin, Nico"]
[Result "0-1"]
[ECO "E05"]
[WhiteElo "2262"]
[BlackElo "2447"]
[Annotator "RC"]
[PlyCount "110"]
[EventDate "2024.03.12"]
[EventCountry "ISL"]
[SourceTitle "playchess.com"]
[Source "ChessBase"]
[SourceQuality "1"]
[TimeControl "40/5400+30:1800+30"]

1. d4 Nf6 2. c4 e6 3. Nf3 d5 4. g3 Be7 5. Bg2 O-O 6. O-O dxc4 7. Qa4 a6 8. Qxc4 b5 9. Qc2 Bb7 10. Bg5 Nbd7 11. Nbd2 Rc8 12. Bxf6 Nxf6 13. Nb3 Be4 14. Qc3 Nd5 15. Qc6 Qd6 16. Ne5 Bxg2 17. Kxg2 f6 18. Qxd6 cxd6 19. Nd3 f5 20. Rae1 Bf6 21. e4 fxe4 22. Rxe4 Kf7 23. Rfe1 Rfe8 24. Na5 Bd8 25. Nb7 Bc7 26. Nf4 Nxf4+ 27. Rxf4+ Ke7 28. d5 e5 29. Rg4 Kf8 30. Rc1 Bb8 31. Rxc8 Rxc8 32. a4 Rc2 33. axb5 axb5 34. Nd8 g6 35. Ne6+ Ke8 36. Rb4 Ba7 37. Rxb5 Rxf2+ 38. Kh3 e4 39. Rb4 e3 40. b3 Rf5 41. Ng7+ Kf8 42. Ne6+ Kg8 43. Rb7 Rf7 44. Rb4 h5 45. Ra4 Rf1 46. Nf4 Bb6 47. Re4 Kf7 48. b4 Rf2 49. Ng2 g5 50. Nxe3 Re2 51. Nc4 g4+ 52. Kh4 Rxe4 53. Nxb6 Kg6 54. h3 Re1 55. Nc8 Rh1 0-1

[Event "Reykjavik Open 2024"]
[Site "Reykjavik"]
[Date "2024.03.18"]
[Round "5.20"]
[White "Karamsetty, Jeevan"]
[Black "Injac, Teodora"]
[Result "*"]
[ECO "B30"]
[WhiteElo "2187"]
[BlackElo "2434"]
[Annotator "RC"]
[PlyCount "38"]
[EventDate "2024.03.12"]
[EventCountry "ISL"]
[SourceTitle "playchess.com"]
[Source "ChessBase"]
[SourceQuality "1"]
[TimeControl "40/5400+30:1800+30"]

1. e4 c5 2. Nc3 Nc6 3. Bb5 Nd4 4. Nf3 e6 5. O-O a6 6. Bd3 Nc6 7. e5 d5 8. exd6 Bxd6 9. Re1 Nf6 10. Ne4 Be7 11. Nxf6+ Bxf6 12. Be4 Qc7 13. c3 Bd7 14. d3 O-O-O 15. Be3 Ne7 16. Qb3 Bb5 17. Rad1 Nf5 18. Bc1 Nd6 19. Bf4 Qa5 *

[Event "Reykjavik Open 2024"]
[Site "Reykjavik"]
[Date "2024.03.18"]
[Round "5.20"]
[White "Harish, Neeraj"]
[Black "Garifullina, Leya"]
[Result "1-0"]
[ECO "B30"]
[WhiteElo "2090"]
[BlackElo "2413"]
[Annotator "TA"]
[PlyCount "49"]
[EventDate "2024.03.12"]
[EventCountry "ISL"]
[SourceTitle "playchess.com"]
[Source "ChessBase"]
[SourceQuality "1"]
[TimeControl "40/5400+30:1800+30"]

1. e4 c5 2. Nc3 Nc6 3. Bb5 Nd4 4. Nf3 e6 5. O-O a6 6. Bd3 Nc6 7. e5 d5 8. exd6 $1 Bxd6 {[%emt 0:00:20][%cal Bf8d6,Bd6e7,Be7f6][%mdl 32] The position is equal.} 9. Re1 Nf6 10. Ne4 Be7 11. Nxf6+ Bxf6 12. Be4 Qc7 13. c3 Bd7 14. d3 O-O-O (14... O-O $11) 15. Be3 $16 Ne7 16. Qb3 {[%emt 0:08:44][%cal Oe3f4] [#] Black must now prevent Bf4!} Bb5 17. Rad1 (17. Nd2 $16) 17... Nf5 18. Bc1 Nd6 19. Bf4 Qa5 20. Ne5 Qa4 $2 {[%emt 0:04:29] [#]} (20... Bxe5 $11 21. Bxe5 Nxe4 22. dxe4 c4) 21. Nxf7 $1 {[%emt 0:07:16] White is more active.} ({Much weaker is} 21. Qxa4 $6 Bxa4 22. b3 Be8 $11) 21... Nxf7 $2 (21... Qxb3 {might work better.} 22. Nxd6+ Rxd6 23. axb3 Rdd8) 22. Qxe6+ $18 Rd7 23. Qb6 Rhd8 $2 (23... Be5) 24. b3 ({Less strong is} 24. Qxc5+ Bc6 25. b3 (25. d4 Be7 $16) 25... Qb5 (25... Qxa2 $2 {too greedy.} 26. Bxc6 Rd6 27. Bd5+ Kb8 28. Qb6 $18) 26. Qxb5 axb5 $16) 24... Qa3 25. Bf5 {[%emt 0:00:39] Weighted Error Value: White=0.28 (precise) /Black=0.72.  Mistake:       	White=1     	Black=4      Inaccurate:     	White=4     	Black=2      OK:         	White=8     	Black=3      Best:        	White=1     	Black=1      Strong:       	White=2     	---} 1-0

[Event "Reykjavik Open 2024"]
[Site "Reykjavik"]
[Date "2024.03.18"]
[Round "5.21"]
[White "Karamsetty, Jeevan"]
[Black "Injac, Teodora"]
[Result "1/2-1/2"]
[ECO "B50"]
[WhiteElo "2187"]
[BlackElo "2434"]
[Annotator "TA"]
[PlyCount "89"]
[EventDate "2024.03.12"]
[EventCountry "ISL"]
[SourceTitle "playchess.com"]
[Source "ChessBase"]
[SourceQuality "1"]
[TimeControl "40/5400+30:1800+30"]

1. e4 c5 2. Nf3 d6 3. Bc4 Nf6 4. d3 Nc6 5. O-O g6 6. Bb3 Bg7 7. c3 O-O 8. h3 h6 9. Nh2 d5 10. exd5 Nxd5 {[%emt 0:00:16] Black is slightly better.} 11. Qf3 Be6 12. Re1 Nc7 (12... Rc8 $5) 13. Ng4 (13. Nd2 $15) 13... Bxb3 $17 14. axb3 Kh7 15. Bf4 Nd5 16. Bh2 f6 17. Ne3 Nxe3 18. Qxe3 e5 19. Qxc5 Qxd3 20. Na3 {[%emt 0:00:19] Prevents Qc2} Rfd8 21. Nc4 Rac8 {[%emt 0:07:42][%cal Oc6d4] ...Nd4! would now be deadly.} 22. Qa3 Rd5 23. Qa2 f5 24. Re3 {[%emt 0:04:05] [#]} Qd1+ 25. Re1 $1 $11 Qd3 ({Better is} 25... Qh5 $11) 26. Re3 $17 {[%emt 0:00:07] [#]} Qc2 27. Ree1 {[%emt 0:01:48] [#]} f4 $36 {[%emt 0:00:26][%mdl 2048] Prevents Ne3. Black is really pushing.} 28. Rac1 Qd3 29. b4 Rcd8 30. Na3 b5 31. Qb1 Qxb1 32. Nxb1 Bf8 33. Kf1 g5 34. f3 a5 35. bxa5 Nxa5 36. Bg1 Kg6 (36... Nb3 $15 {is more appropriate.} 37. Rc2 Bd6) 37. Bb6 $11 Ra8 38. Bxa5 Rxa5 39. Rcd1 Rxd1 40. Rxd1 {[%emt 0:00:01] KRB-KRN} Ra2 41. b4 Rc2 (41... e4 $5 42. fxe4 Bg7 $11) 42. Re1 {[%emt 0:00:14] The position is equal.} ({Much weaker is} 42. Na3 Rxc3 43. Nxb5 Rc6 $11) 42... Kf5 43. Re2 Rc1+ 44. Re1 Rc2 45. Re2 {[%emt 0:00:06] Weighted Error Value: White=0.08 (flawless) /Black=0.10 (very precise) .  Mistake:       	White=1     	Black=3      Inaccurate:     	White=1     	Black=3      OK:         	White=12    	Black=12     Best:        	White=3     	Black=3      Strong:       	White=1     	---} 1/2-1/2

[Event "Reykjavik Open 2024"]
[Site "Reykjavik"]
[Date "2024.03.18"]
[Round "5.21"]
[White "Sushanth Kamabathula"]
[Black "Fantinel, Thibault"]
[Result "*"]
[ECO "B50"]
[WhiteElo "1918"]
[BlackElo "2421"]
[Annotator "RC"]
[PlyCount "27"]
[EventDate "2024.03.12"]
[EventCountry "ISL"]
[SourceTitle "playchess.com"]
[Source "ChessBase"]
[SourceQuality "1"]
[TimeControl "40/5400+30:1800+30"]

1. e4 c5 2. Nf3 d6 3. Bc4 Nf6 4. d3 Nc6 5. O-O g6 6. Bb3 Bg7 7. c3 O-O 8. h3 h6 9. Nh2 d5 10. exd5 Nxd5 11. Qf3 Be6 12. Re1 Nc7 13. Ng4 Bxb3 14. axb3 *

[Event "Reykjavik Open 2024"]
[Site "Reykjavik"]
[Date "2024.03.18"]
[Round "5.22"]
[White "Katz, Alexander"]
[Black "Pourkashiyan, Atousa"]
[Result "*"]
[ECO "B32"]
[WhiteElo "2418"]
[BlackElo "2270"]
[Annotator "RC"]
[PlyCount "59"]
[EventDate "2024.03.12"]
[EventCountry "ISL"]
[SourceTitle "playchess.com"]
[Source "ChessBase"]
[SourceQuality "1"]
[TimeControl "40/5400+30:1800+30"]

1. e4 c5 2. Nf3 Nc6 3. d4 cxd4 4. Nxd4 e5 5. Nb5 d6 6. N1c3 a6 7. Na3 Be6 8. Nc4 Rb8 9. Nd5 Bxd5 10. exd5 Nce7 11. a4 Nf6 12. g4 h6 13. h4 Rc8 14. Bd2 Nfxd5 15. Rh3 Nc6 16. Bg2 Nf4 17. Bxf4 exf4 18. Rb3 Be7 19. Rxb7 O-O 20. Qd5 Qe8 21. Kf1 Nd8 22. Rb6 Ne6 23. a5 Rc5 24. Qd3 Qc8 25. Bb7 Qc7 26. Bd5 Rc8 27. Rb7 Qd8 28. b4 R5c7 29. Nb6 Bf6 30. Ra2 *

[Event "Reykjavik Open 2024"]
[Site "Reykjavik"]
[Date "2024.03.18"]
[Round "5.22"]
[White "Sushanth Kamabathula"]
[Black "Fantinel, Thibault"]
[Result "1-0"]
[ECO "B32"]
[WhiteElo "1918"]
[BlackElo "2421"]
[Annotator "TA"]
[PlyCount "81"]
[EventDate "2024.03.12"]
[EventCountry "ISL"]
[SourceTitle "playchess.com"]
[Source "ChessBase"]
[SourceQuality "1"]
[TimeControl "40/5400+30:1800+30"]

1. e4 c5 2. Nf3 Nc6 3. d4 cxd4 4. Nxd4 e5 5. Nb5 d6 6. N1c3 a6 7. Na3 Be6 8. Nc4 Rb8 9. Nd5 Bxd5 10. exd5 (10. Qxd5 Nd4 11. Ne3 Nf6 $15) 10... Nce7 {[%emt 0:00:09] Die Stellung ist ausgeglichen.} 11. a4 Nf6 12. g4 h6 13. h4 Rc8 14. Bd2 Nfxd5 15. Rh3 Nc6 16. Bg2 Nf4 17. Bxf4 exf4 18. Rb3 {[%emt 0:00:09] Schwarz ist schwach auf den weissen Feldern} (18. Rd3 {sieht schärfer aus.} Nb4 19. Qe2+ Qe7 20. Nxd6+ Kd7 21. Nxc8+ Nxd3+ 22. cxd3 Kxc8 23. Rc1+) 18... Be7 $1 19. Rxb7 O-O 20. Qd5 {[%emt 0:00:02] Weiss will 0-0-0 spielen.} Qe8 21. Kf1 {[%emt 0:00:05] [#] Und jetzt Re1 wäre schön.} Nd8 $1 (21... Ne5 $6 22. Re1 (22. Nxd6 $2 Bxd6 23. Qxd6 f3 $19) (22. Nxe5 dxe5 23. Qxe5 Bxh4 $14) 22... Rxc4 (22... f3 $2 23. Bxf3 Rxc4 24. Rxe5 $18) 23. Rxe5 dxe5 24. Qxc4 Bxh4 25. Bd5 $16 (25. Qxa6 $2 e4 $19)) 22. Rb6 (22. Nxd6 $2 Bxd6 23. Qxd6 Nxb7 24. Bxb7 Rxc2 25. Qxf4 Rxb2 $19) 22... Ne6 $1 23. a5 (23. Rxa6 $2 Nc7 (23... Bxh4 $2 24. Nxd6 Qd8 25. Nxc8 $18) 24. Qa5 Nxa6 (24... Bxh4 $2 25. Nxd6 Qd8 26. Rc6 $18) (24... f3 25. Bxf3 Nxa6 26. Qxa6 $15) 25. Qxa6 Bxh4 $17) 23... Rc5 24. Qd3 Qc8 25. Bb7 (25. Nxd6 Bxd6 26. Rxd6 Rxc2 $15) 25... Qc7 26. Bd5 $36 {[%emt 0:00:44][%mdl 2048] Droht stark b4. Weiss hat Initiative.} (26. Bxa6 d5 (26... Bxh4 27. b4 $16) 27. Nd2 Rxa5 28. Rxa5 Qxb6 $19) (26. Nxd6 $2 Rd8 27. Qxa6 (27. b4 $2 Rxc2 28. Rd1 Bxd6 $19) 27... Bxd6 $19 (27... Rxd6 $2 28. Rxd6 Bxd6 29. Be4 $19)) 26... Rc8 $2 ({Günstiger ist} 26... Bxh4 $11 27. b3 (27. Rxd6 $2 f3 $19) 27... Bf6) 27. Rb7 $16 (27. Rxa6 $6 f3 28. Ne3 (28. Qxf3 $2 Rxc4 29. Rb6 Rxc2 $19) 28... Bxh4 $14) 27... Qd8 28. b4 {[%emt 0:02:28] Weiß hat aktiveres Spiel.} R5c7 29. Nb6 Bf6 (29... Rxb7 $142 30. Bxb7 Rc7) 30. Ra2 (30. Rxc7 $16 Rxc7 31. Re1) 30... Rxb7 $14 31. Bxb7 Rc3 ({Besser ist} 31... Rb8 $14 32. Bd5 (32. Qxa6 Bd4 $11) 32... Nc7) 32. Qxa6 $16 Nc7 {[%emt 0:01:29] Pariert Nd5.} 33. Qe2 {[%emt 0:00:22] a6 wäre nun fies.} Bd4 $2 {[%emt 0:03:52] [#] Führt Schwarz ins Verderben.} (33... d5 $16 34. Qd1 Be5) 34. Nd5 $1 $18 f3 (34... Nxd5 $142 35. Bxd5 Rh3) 35. Qe7 Qb8 (35... Qxe7 $142 36. Nxe7+ Kf8) 36. Nxc3 {[%emt 0:07:07] Weiß steht klar auf Gewinn.} Qxb7 37. Qd8+ Kh7 38. Qxd6 Nb5 39. Qd5 Qc7 40. Nxb5 Qh2 41. Qxf3 {[%emt 0:30:05] Gewichteter Fehlerwert: Weiß=0.07 (makellos) /Schwarz=0.42.  Fehler:       	Weiß=1     	Schwarz=6     Ungenau:       	Weiß=1     	Schwarz=3     OK:         	Weiß=17    	Schwarz=9     Bester:       	Weiß=2     	Schwarz=4     Stark:        	Weiß=1     	Schwarz=3} (41. Nxd4 $2 Qh1#) 1-0

[Event "Reykjavik Open 2024"]
[Site "Reykjavik"]
[Date "2024.03.18"]
[Round "5.23"]
[White "Katz, Alexander"]
[Black "Pourkashiyan, Atousa"]
[Result "1-0"]
[ECO "C54"]
[WhiteElo "2418"]
[BlackElo "2270"]
[Annotator "RC"]
[PlyCount "51"]
[EventDate "2024.03.12"]
[EventCountry "ISL"]
[SourceTitle "playchess.com"]
[Source "ChessBase"]
[SourceQuality "1"]
[TimeControl "40/5400+30:1800+30"]

1. e4 e5 2. Nf3 Nc6 3. Bc4 Bc5 4. c3 Nf6 5. d3 a6 6. O-O d6 7. Bb3 Ba7 8. Nbd2 O-O 9. h3 h6 10. Re1 Re8 11. Nf1 Be6 12. Ng3 Qd7 13. Nh4 Bxh3 14. gxh3 Qxh3 15. Nhf5 Ng4 16. Qf3 Bxf2+ 17. Qxf2 Nxf2 18. Kxf2 g6 19. Nxh6+ Kg7 20. Rh1 Qd7 21. Ngf5+ Kf8 22. Ng4 gxf5 23. Bh6+ Ke7 24. Bg5+ Kf8 25. Rh8+ Kg7 26. Bf6+ 1-0

[Event "Reykjavik Open 2024"]
[Site "Reykjavik"]
[Date "2024.03.18"]
[Round "5.23"]
[White "Harish, Neeraj"]
[Black "Garifullina, Leya"]
[Result "*"]
[ECO "C54"]
[WhiteElo "2090"]
[BlackElo "2413"]
[Annotator "RC"]
[PlyCount "39"]
[EventDate "2024.03.12"]
[EventCountry "ISL"]
[SourceTitle "playchess.com"]
[Source "ChessBase"]
[SourceQuality "1"]
[TimeControl "40/5400+30:1800+30"]

1. e4 e5 2. Nf3 Nc6 3. Bc4 Bc5 4. c3 Nf6 5. d3 a6 6. O-O d6 7. Bb3 Ba7 8. Nbd2 O-O 9. h3 h6 10. Re1 Re8 11. Nf1 Be6 12. Ng3 Qd7 13. Nh4 Bxh3 14. gxh3 Qxh3 15. Nhf5 Ng4 16. Qf3 Bxf2+ 17. Qxf2 Nxf2 18. Kxf2 g6 19. Nxh6+ Kg7 20. Rh1 *

[Event "Reykjavik Open 2024"]
[Site "Reykjavik"]
[Date "2024.03.18"]
[Round "5.24"]
[White "Jin, Yueheng"]
[Black "Mannion, Stephen R"]
[Result "1-0"]
[ECO "A57"]
[WhiteElo "2404"]
[BlackElo "2166"]
[Annotator "TA"]
[PlyCount "113"]
[EventDate "2024.03.12"]
[EventCountry "ISL"]
[SourceTitle "playchess.com"]
[Source "ChessBase"]
[SourceQuality "1"]
[TimeControl "40/5400+30:1800+30"]

1. d4 Nf6 2. c4 c5 3. d5 b5 4. cxb5 a6 5. e3 e6 6. Nc3 exd5 7. Nxd5 Bb7 8. Nxf6+ Qxf6 9. Nf3 Be7 10. Bc4 O-O 11. Bd5 Bxd5 12. Qxd5 {[%emt 0:00:15] Die Stellung ist ausgeglichen.} Ra7 13. Qc4 axb5 14. Qxb5 Nc6 15. O-O Qe6 16. Rd1 Rb8 {[%emt 0:06:32][%mdl 1024] Schwarz hat Kompensation.} 17. Qe2 Bf6 18. Qc2 (18. e4 $11) 18... d6 (18... c4 $1 $15) 19. a3 $11 Na5 20. Rb1 Nb3 21. Bd2 Nxd2 22. Nxd2 Rab7 23. b3 Be7 24. e4 Bf6 25. Nc4 Bd4 26. h3 h6 27. Rd3 Ra7 28. Rf3 d5 (28... Re8 $14 {sieht stärker aus.}) 29. exd5 $16 Qxd5 30. Re1 Rab7 31. Na5 Rd7 ({Besser ist} 31... Rb5 $14 32. Nc4 R5b7) 32. Nc4 (32. Qe4 {vereinfacht} Qxe4 33. Rxe4 Rd6 34. Nc4) 32... Rdb7 {[%emt 0:00:30] Verhindert Nb6} 33. a4 g6 34. a5 Kg7 35. Nb6 $36 {[%emt 0:00:51][%mdl 2048] Läuft bei Weiss.} Qd6 36. Rd3 {[%emt 0:01:52][%cal Ob3b4] Weiß steht aktiver.} Rxb6 {[%emt 0:01:55] Damit ist Schwarz auf der Verliererstraße.} (36... Re7 $14 37. Rxe7 Qxe7) 37. axb6 Rxb6 38. Rf3 Rb7 (38... Rb4 $16 39. Re4 Qd7) 39. Qe4 Ra7 40. Qe8 Rb7 41. Re2 Ra7 42. g3 Bf6 43. Kg2 Ra1 44. Re1 {[%emt 0:00:00] [#] Verhindert Qd1. Droht stark Rxa1.} Ra2 45. Qe4 Rb2 (45... Ra6 $142 46. Qc2 Qd5) 46. Re2 Rxe2 47. Qxe2 $18 {[%emt 0:00:00][%mdl 4096] Endspiel. KQR-KQB} Qd5 48. Kh2 Bd4 49. Rd3 Qb7 50. Qf3 Qb5 51. Kg2 h5 52. h4 Qa6 53. Rd2 Bf6 $2 (53... Qe6 54. Re2 Qd6) 54. Rd7 {[%emt 0:00:00] Zielt auf Qd5 ab. Weiß steht klar auf Gewinn.} Qe6 55. Qd5 Qe8 56. Rc7 Bd4 {[%emt 0:01:06] [#]} 57. b4 $1 {[%emt 0:00:00] Gewichteter Fehlerwert: Weiß=0.15 (sehr präzise) /Schwarz=0.28 (präzise) .  Fehler:       	Weiß=1     	Schwarz=7     Ungenau:       	Weiß=3     	Schwarz=3     OK:         	Weiß=17    	Schwarz=11    Bester:       	Weiß=3     	---} 1-0